[ AOE2 MATCH · #477506175 ]
UnrankedBurgundians vs Teutons
[ REPLAY ANALYSIS · EXTRACTED FROM THE RECORDED GAME ]
Feudal
10:56
Castle
14:26
Imperial
27:02
| APM avg | 45.9 |
| APM peak | 102 |
| eAPM avg | 28.8 |
| Villagers / military | 206 / 349 |
Focus
⚔️ 33.3% · 🌾 66.7%
Spearman ×137 · Knight ×111 · Hand Cannoneer ×51 · Flemish Militia ×43 · Trade Cart ×6 · Battering Ram ×2
Feudal
11:10
Castle
14:47
Imperial
26:17
| APM avg | 29.9 |
| APM peak | 64 |
| eAPM avg | 19.3 |
| Villagers / military | 173 / 406 |
Focus
⚔️ 32.1% · 🌾 67.9%
Spearman ×157 · Knight ×120 · Militia ×115 · Battering Ram ×14
Feudal
8:30
Castle
20:50
Imperial
31:33
| APM avg | 51.3 |
| APM peak | 108 |
| eAPM avg | 26.3 |
| Villagers / military | 139 / 121 |
Focus
⚔️ 39.4% · 🌾 60.6%
Hand Cannoneer ×65 · Monk ×40 · Trebuchet (Packed) ×6 · Hussite Wagon ×4 · Bombard Cannon ×4 · Petard ×2
Feudal
10:17
Castle
15:02
Imperial
28:48
| APM avg | 33.8 |
| APM peak | 75 |
| eAPM avg | 19.5 |
| Villagers / military | 137 / 555 |
Focus
⚔️ 50.5% · 🌾 49.5%
Throwing Axeman ×215 · Knight ×195 · Scout Cavalry ×141 · Trebuchet (Packed) ×3 · Monk ×1
Feudal
10:31
Castle
14:04
Imperial
39:43
| APM avg | 36.8 |
| APM peak | 62 |
| eAPM avg | 19.5 |
| Villagers / military | 161 / 117 |
Focus
⚔️ 30.3% · 🌾 69.7%
Gbeto ×80 · Monk ×10 · Spearman ×9 · Mangonel ×5 · Scout Cavalry ×5 · Bombard Cannon ×5
Feudal
12:07
Castle
15:19
Imperial
28:47
| APM avg | 39.3 |
| APM peak | 80 |
| eAPM avg | 20.6 |
| Villagers / military | 149 / 275 |
Focus
⚔️ 40.9% · 🌾 59.1%
Knight ×169 · Scout Cavalry ×57 · Hand Cannoneer ×21 · Scorpion ×13 · Camel Scout ×9 · Battering Ram ×6
Feudal
11:22
Castle
15:17
Imperial
38:32
| APM avg | 50.1 |
| APM peak | 89 |
| eAPM avg | 30.7 |
| Villagers / military | 159 / 374 |
Focus
⚔️ 46.6% · 🌾 53.4%
Spearman ×192 · Battering Ram ×62 · Scorpion ×54 · Militia ×53 · Scout Cavalry ×10 · Mangonel ×3
Feudal
11:03
Castle
20:34
Imperial
48:28
| APM avg | 27.1 |
| APM peak | 86 |
| eAPM avg | 16.6 |
| Villagers / military | 160 / 16 |
Focus
⚔️ 16.5% · 🌾 83.5%
Archer ×15 · Battering Ram ×1
Match map
Initial resources + every placement click. Lines = walls · curves = elevation contours. ◆ gold · ⬟ stone · ● berries · ✦ relic · ◌ wall gap
Your base· ✓ Closed at 14:26 · 0t walls · 2 gate(s)
Vivian's base· ✓ Closed at 14:47 · 0t walls · 3 gate(s)
夏天九号炸鱼号's base· ✓ Closed at 20:50 · 6t walls · 5 gate(s)
ALTAR_KHAN's base· ✓ Closed at 15:02 · 0t walls · 3 gate(s)
King-WzRun's base· ✓ Closed at 14:04 · 0t walls · 3 gate(s)
抖音_帝国时代2小Lin's base· ✓ Closed at 15:19 · 0t walls · 2 gate(s)
bbcc's base· ✓ Closed at 15:17 · 0t walls · 2 gate(s)
AI (DE Version)'s base· Open — 7t gap
Smoothed initial terrain · ◌ = detected wall gap · hover for details
Inputs per minute
— 米兰的小歌迷 - - Vivian
Build order — 米兰的小歌迷
First 150 of 612 actions detected
| 0:00 | Create | Villager (Male) |
| 0:00 | Create | Villager (Male) |
| 0:01 | Build | House |
| 0:03 | Build | House |
| 0:05 | Create | Villager (Male) |
| 0:08 | Create | Villager (Male) |
| 1:27 | Create | Villager (Male) |
| 1:27 | Create | Villager (Male) |
| 1:47 | Build | Lumber Camp |
| 1:58 | Create | Villager (Male) |
| 2:14 | Create | Villager (Male) |
| 2:47 | Create | Villager (Male) |
| 2:47 | Create | Villager (Male) |
| 3:02 | Create | Villager (Male) |
| 3:03 | Create | Villager (Male) |
| 3:24 | Build | House |
| 3:30 | Research | Double-Bit Axe |
| 3:46 | Create | Villager (Male) |
| 3:58 | Build | House |
| 4:09 | Create | Villager (Male) |
| 4:09 | Create | Villager (Male) |
| 4:19 | Build | House |
| 4:34 | Create | Villager (Male) |
| 4:46 | Create | Villager (Male) |
| 4:47 | Create | Villager (Male) |
| 5:15 | Build | Mill |
| 5:18 | Create | Villager (Male) |
| 5:30 | Create | Villager (Male) |
| 5:31 | Create | Villager (Male) |
| 5:49 | Create | Villager (Male) |
| 5:53 | Research | Horse Collar |
| 5:59 | Create | Villager (Male) |
| 6:00 | Create | Villager (Male) |
| 6:30 | Build | Farm |
| 6:54 | Create | Villager (Male) |
| 6:55 | Create | Villager (Male) |
| 6:55 | Create | Villager (Male) |
| 7:24 | Create | Villager (Male) |
| 7:26 | Build | Farm |
| 8:28 | Research | Feudal Age |
| 8:30 | Build | Mining Camp |
| 9:36 | Create | Villager (Male) |
| 9:57 | Create | Villager (Male) |
| 10:26 | Build | Farm |
| 10:46 | Research | Loom |
| 10:56 | Age | Feudal Age |
| 10:57 | Build | Market |
| 10:59 | Build | Blacksmith |
| 11:45 | Research | Castle Age |
| 11:57 | Build | Farm |
| 11:57 | Build | Farm |
| 12:42 | Research | Bow Saw |
| 12:42 | Research | Bow Saw |
| 12:46 | Build | Farm |
| 12:50 | Build | Farm |
| 13:02 | Build | House |
| 13:10 | Create | Villager (Male) |
| 13:16 | Research | Heavy Plow |
| 13:18 | Build | Farm |
| 13:50 | Create | Villager (Male) |
| 14:12 | Create | Villager (Male) |
| 14:26 | Age | Castle Age |
| 14:30 | Build | Town Center |
| 14:40 | Build | Town Center |
| 14:53 | Research | Wheelbarrow |
| 15:29 | Build | Monastery |
| 15:34 | Create | Villager (Male) |
| 15:37 | Build | Farm |
| 15:52 | Create | Villager (Male) |
| 15:57 | Build | Farm |
| 15:58 | Create | Villager (Male) |
| 15:58 | Create | Villager (Male) |
| 16:01 | Create | Villager (Male) |
| 16:02 | Create | Villager (Male) |
| 16:03 | Build | Farm |
| 16:04 | Build | Farm |
| 16:17 | Build | House |
| 16:20 | Create | Monk |
| 16:28 | Create | Villager (Male) |
| 16:28 | Create | Villager (Male) |
| 16:32 | Create | Villager (Male) |
| 16:33 | Create | Villager (Male) |
| 16:36 | Build | Farm |
| 16:36 | Build | Farm |
| 16:44 | Create | Villager (Male) |
| 16:56 | Create | Villager (Male) |
| 16:58 | Build | House |
| 17:01 | Build | Farm |
| 17:01 | Build | Farm |
| 17:05 | Create | Villager (Male) |
| 17:08 | Create | Villager (Male) |
| 17:16 | Build | Farm |
| 17:19 | Build | Farm |
| 17:19 | Create | Villager (Male) |
| 17:28 | Build | House |
| 17:30 | Build | Farm |
| 17:39 | Create | Villager (Male) |
| 17:42 | Create | Villager (Male) |
| 17:43 | Create | Villager (Male) |
| 18:03 | Create | Villager (Male) |
| 18:07 | Build | Town Center |
| 18:13 | Create | Villager (Male) |
| 18:13 | Create | Villager (Male) |
| 18:24 | Create | Villager (Male) |
| 18:26 | Build | Farm |
| 18:30 | Build | Farm |
| 18:34 | Create | Villager (Male) |
| 18:37 | Create | Villager (Male) |
| 18:44 | Build | Farm |
| 18:46 | Create | Villager (Male) |
| 18:55 | Create | Villager (Male) |
| 18:57 | Build | Farm |
| 18:57 | Build | Farm |
| 19:02 | Create | Villager (Male) |
| 19:13 | Create | Villager (Male) |
| 19:15 | Build | Farm |
| 19:15 | Build | Farm |
| 19:23 | Create | Villager (Male) |
| 19:23 | Create | Villager (Male) |
| 19:24 | Create | Villager (Male) |
| 19:25 | Build | Farm |
| 19:25 | Build | Farm |
| 19:29 | Create | Villager (Male) |
| 19:32 | Build | Farm |
| 19:34 | Create | Villager (Male) |
| 19:35 | Create | Villager (Male) |
| 19:44 | Build | Farm |
| 19:47 | Create | Villager (Male) |
| 19:50 | Create | Villager (Male) |
| 19:51 | Create | Villager (Male) |
| 20:06 | Create | Villager (Male) |
| 20:07 | Create | Villager (Male) |
| 20:08 | Create | Villager (Male) |
| 20:13 | Build | Farm |
| 20:15 | Build | Farm |
| 20:19 | Create | Villager (Male) |
| 20:20 | Build | Farm |
| 20:20 | Build | Farm |
| 20:24 | Create | Villager (Male) |
| 20:30 | Create | Villager (Male) |
| 20:34 | Build | Lumber Camp |
| 20:36 | Create | Villager (Male) |
| 20:37 | Create | Villager (Male) |
| 20:40 | Build | House |
| 20:41 | Build | House |
| 20:45 | Build | Farm |
| 20:50 | Create | Villager (Male) |
| 20:54 | Build | Farm |
| 20:56 | Create | Villager (Male) |
| 20:56 | Create | Villager (Male) |
Build order — Vivian
First 150 of 523 actions detected
| 0:01 | Create | Villager (Male) |
| 0:02 | Create | Villager (Male) |
| 0:02 | Create | Villager (Male) |
| 0:04 | Build | House |
| 0:06 | Build | House |
| 0:07 | Build | House |
| 0:08 | Build | House |
| 0:10 | Create | Villager (Male) |
| 1:37 | Create | Villager (Male) |
| 2:04 | Build | Lumber Camp |
| 2:09 | Create | Villager (Male) |
| 2:37 | Create | Villager (Male) |
| 2:37 | Create | Villager (Male) |
| 3:35 | Create | Villager (Male) |
| 3:57 | Create | Villager (Male) |
| 3:58 | Create | Villager (Male) |
| 4:17 | Create | Villager (Male) |
| 4:32 | Create | Villager (Male) |
| 4:33 | Create | Villager (Male) |
| 4:54 | Build | Mill |
| 5:24 | Create | Villager (Male) |
| 5:30 | Create | Villager (Male) |
| 6:11 | Create | Villager (Male) |
| 6:15 | Create | Villager (Male) |
| 6:22 | Build | Farm |
| 6:35 | Build | Farm |
| 6:54 | Create | Villager (Male) |
| 6:55 | Create | Villager (Male) |
| 6:59 | Create | Villager (Male) |
| 7:30 | Build | Farm |
| 7:31 | Create | Villager (Male) |
| 7:48 | Build | Farm |
| 8:37 | Build | Mining Camp |
| 8:45 | Build | Farm |
| 8:47 | Research | Feudal Age |
| 8:54 | Build | House |
| 11:07 | Create | Villager (Male) |
| 11:08 | Create | Villager (Male) |
| 11:10 | Age | Feudal Age |
| 11:12 | Build | Blacksmith |
| 11:14 | Build | Market |
| 12:07 | Research | Castle Age |
| 12:12 | Research | Double-Bit Axe |
| 12:47 | Research | Horse Collar |
| 13:29 | Create | Villager (Male) |
| 14:02 | Research | Wheelbarrow |
| 14:47 | Age | Castle Age |
| 14:54 | Create | Villager (Male) |
| 14:57 | Build | Town Center |
| 15:02 | Create | Villager (Male) |
| 15:08 | Build | Town Center |
| 15:15 | Research | Bow Saw |
| 15:19 | Build | Farm |
| 15:23 | Build | Farm |
| 15:33 | Research | Heavy Plow |
| 15:40 | Build | House |
| 15:41 | Build | House |
| 15:42 | Build | House |
| 16:09 | Create | Villager (Male) |
| 16:23 | Create | Villager (Male) |
| 16:25 | Build | Farm |
| 16:26 | Build | Farm |
| 16:32 | Build | Farm |
| 16:33 | Build | Farm |
| 16:34 | Create | Villager (Male) |
| 16:50 | Build | Farm |
| 16:52 | Build | Farm |
| 16:53 | Create | Villager (Male) |
| 16:57 | Create | Villager (Male) |
| 17:03 | Build | Farm |
| 17:05 | Build | Farm |
| 17:07 | Build | Farm |
| 17:08 | Create | Villager (Male) |
| 17:17 | Build | Farm |
| 17:26 | Build | Farm |
| 17:26 | Create | Villager (Male) |
| 17:29 | Create | Villager (Male) |
| 17:29 | Create | Villager (Male) |
| 17:33 | Build | Farm |
| 17:39 | Create | Villager (Male) |
| 17:43 | Build | Farm |
| 17:47 | Build | Farm |
| 17:52 | Build | House |
| 17:54 | Build | House |
| 17:56 | Create | Villager (Male) |
| 17:58 | Create | Villager (Male) |
| 18:04 | Create | Villager (Male) |
| 18:13 | Create | Villager (Male) |
| 18:16 | Build | Farm |
| 18:18 | Build | Farm |
| 18:18 | Create | Villager (Male) |
| 18:22 | Build | Farm |
| 18:27 | Build | Farm |
| 18:29 | Create | Villager (Male) |
| 18:32 | Build | House |
| 18:34 | Build | House |
| 18:34 | Build | House |
| 18:34 | Build | House |
| 18:35 | Build | House |
| 18:35 | Build | House |
| 18:36 | Build | House |
| 18:39 | Create | Villager (Male) |
| 18:40 | Create | Villager (Male) |
| 18:43 | Create | Villager (Male) |
| 18:51 | Build | Farm |
| 19:05 | Create | Villager (Male) |
| 19:09 | Build | Farm |
| 19:10 | Create | Villager (Male) |
| 19:16 | Build | Farm |
| 19:17 | Create | Villager (Male) |
| 19:22 | Build | Farm |
| 19:23 | Create | Villager (Male) |
| 19:30 | Build | Mill |
| 19:31 | Create | Villager (Male) |
| 19:43 | Research | Gold Mining |
| 19:45 | Create | Villager (Male) |
| 19:54 | Create | Villager (Male) |
| 19:57 | Build | House |
| 19:58 | Build | House |
| 19:58 | Build | House |
| 19:59 | Build | House |
| 20:00 | Build | House |
| 20:00 | Build | House |
| 20:00 | Build | House |
| 20:02 | Create | Villager (Male) |
| 20:11 | Create | Villager (Male) |
| 20:23 | Create | Villager (Male) |
| 20:36 | Build | University |
| 20:37 | Create | Villager (Male) |
| 20:38 | Create | Villager (Male) |
| 20:41 | Create | Villager (Male) |
| 20:52 | Create | Villager (Male) |
| 20:58 | Build | Monastery |
| 20:59 | Create | Villager (Male) |
| 21:02 | Build | Farm |
| 21:05 | Build | Farm |
| 21:07 | Create | Villager (Male) |
| 21:11 | Build | Farm |
| 21:15 | Build | Farm |
| 21:17 | Create | Villager (Male) |
| 21:36 | Research | Loom |
| 21:37 | Create | Villager (Male) |
| 21:38 | Create | Villager (Male) |
| 21:39 | Create | Villager (Male) |
| 21:42 | Build | House |
| 21:43 | Build | House |
| 21:43 | Build | House |
| 21:44 | Build | House |
| 21:44 | Build | House |
| 21:45 | Build | House |
Build order — 夏天九号炸鱼号
First 150 of 529 actions detected
| 0:00 | Create | Villager (Male) |
| 0:00 | Create | Villager (Male) |
| 0:00 | Create | Villager (Male) |
| 0:01 | Create | Villager (Male) |
| 0:02 | Build | House |
| 0:03 | Build | House |
| 1:35 | Create | Villager (Male) |
| 1:35 | Create | Villager (Male) |
| 1:41 | Create | Villager (Male) |
| 1:41 | Create | Villager (Male) |
| 1:43 | Build | Lumber Camp |
| 2:18 | Create | Villager (Male) |
| 2:39 | Create | Villager (Male) |
| 2:39 | Create | Villager (Male) |
| 3:07 | Create | Villager (Male) |
| 3:10 | Create | Villager (Male) |
| 3:49 | Build | House |
| 3:53 | Create | Villager (Male) |
| 4:16 | Create | Villager (Male) |
| 4:39 | Create | Villager (Male) |
| 5:15 | Build | Mining Camp |
| 5:19 | Create | Villager (Male) |
| 5:21 | Research | Loom |
| 6:20 | Research | Feudal Age |
| 7:04 | Build | House |
| 7:15 | Create | Villager (Male) |
| 8:06 | Build | Outpost |
| 8:30 | Age | Feudal Age |
| 8:34 | Build | Watch Tower |
| 8:40 | Create | Villager (Male) |
| 8:40 | Research | Double-Bit Axe |
| 9:25 | Create | Villager (Male) |
| 9:28 | Build | Blacksmith |
| 9:41 | Create | Villager (Male) |
| 9:42 | Research | Town Watch |
| 9:53 | Build | Outpost |
| 9:59 | Create | Villager (Male) |
| 10:06 | Build | Mill |
| 10:15 | Build | House |
| 10:23 | Build | Outpost |
| 10:29 | Build | Outpost |
| 10:33 | Build | Outpost |
| 10:43 | Build | Outpost |
| 10:47 | Create | Villager (Male) |
| 10:53 | Build | Farm |
| 10:56 | Build | Farm |
| 10:58 | Build | Farm |
| 11:13 | Create | Villager (Male) |
| 11:19 | Build | Watch Tower |
| 11:35 | Create | Villager (Male) |
| 11:51 | Build | House |
| 12:20 | Create | Villager (Male) |
| 12:22 | Build | Farm |
| 12:24 | Create | Villager (Male) |
| 12:26 | Build | House |
| 12:34 | Build | Farm |
| 13:03 | Build | Watch Tower |
| 13:07 | Create | Villager (Male) |
| 13:09 | Create | Villager (Male) |
| 13:11 | Build | Farm |
| 13:32 | Research | Fletching |
| 13:41 | Create | Villager (Male) |
| 13:45 | Build | Farm |
| 13:52 | Build | House |
| 13:52 | Build | Outpost |
| 14:10 | Create | Villager (Male) |
| 14:16 | Build | Farm |
| 14:24 | Create | Villager (Male) |
| 14:46 | Build | Mill |
| 14:50 | Create | Villager (Male) |
| 15:00 | Create | Villager (Male) |
| 15:20 | Build | Mining Camp |
| 15:24 | Create | Villager (Male) |
| 15:50 | Research | Wheelbarrow |
| 16:33 | Build | Market |
| 16:37 | Create | Villager (Male) |
| 16:48 | Build | House |
| 17:20 | Build | Palisade Gate |
| 17:29 | Build | House |
| 17:32 | Build | Palisade Wall |
| 17:34 | Build | House |
| 17:37 | Build | Palisade Wall |
| 17:47 | Build | House |
| 17:57 | Research | Castle Age |
| 17:58 | Research | Castle Age |
| 18:07 | Build | Watch Tower |
| 18:11 | Build | House |
| 18:41 | Build | Lumber Camp |
| 18:43 | Research | Horse Collar |
| 18:57 | Build | Watch Tower |
| 19:13 | Build | Watch Tower |
| 19:17 | Build | Palisade Gate |
| 19:20 | Build | Palisade Wall |
| 19:24 | Build | House |
| 20:11 | Build | House |
| 20:19 | Build | Palisade Gate |
| 20:21 | Build | House |
| 20:34 | Build | Palisade Wall |
| 20:35 | Build | Palisade Wall |
| 20:36 | Build | Palisade Wall |
| 20:50 | Age | Castle Age |
| 20:53 | Research | Bodkin Arrow |
| 20:53 | Research | Bodkin Arrow |
| 21:10 | Create | Villager (Male) |
| 21:10 | Create | Villager (Male) |
| 21:15 | Build | Lumber Camp |
| 21:16 | Research | Bow Saw |
| 21:50 | Create | Villager (Male) |
| 21:52 | Build | Monastery |
| 21:53 | Build | Monastery |
| 22:03 | Build | Farm |
| 22:05 | Create | Villager (Male) |
| 22:23 | Create | Villager (Male) |
| 22:26 | Build | University |
| 22:40 | Create | Monk |
| 22:41 | Create | Monk |
| 22:43 | Create | Villager (Male) |
| 22:47 | Build | Farm |
| 22:50 | Build | Farm |
| 23:00 | Create | Villager (Male) |
| 23:05 | Research | Sanctity |
| 23:06 | Research | Fervor |
| 23:11 | Create | Villager (Male) |
| 23:13 | Build | Farm |
| 23:17 | Build | Farm |
| 23:20 | Build | Farm |
| 23:21 | Build | Farm |
| 23:28 | Build | Farm |
| 23:29 | Create | Villager (Male) |
| 23:43 | Research | Guard Tower (upgrade) |
| 23:43 | Research | Guard Tower (upgrade) |
| 23:45 | Create | Villager (Male) |
| 23:50 | Create | Monk |
| 24:03 | Create | Villager (Male) |
| 24:07 | Build | Farm |
| 24:10 | Create | Monk |
| 24:23 | Create | Monk |
| 24:24 | Create | Monk |
| 24:27 | Build | Monastery |
| 24:33 | Create | Villager (Male) |
| 24:36 | Build | House |
| 24:37 | Build | House |
| 24:38 | Build | House |
| 24:39 | Build | House |
| 24:46 | Build | Farm |
| 25:02 | Create | Villager (Male) |
| 25:03 | Create | Monk |
| 25:17 | Create | Monk |
| 25:34 | Create | Villager (Male) |
| 25:53 | Create | Monk |
Build order — ALTAR_KHAN
First 150 of 474 actions detected
| 0:01 | Create | Villager (Male) ×4 |
| 0:02 | Build | House |
| 0:03 | Build | House |
| 1:25 | Create | Villager (Male) |
| 1:26 | Create | Villager (Male) |
| 1:47 | Build | Lumber Camp |
| 2:01 | Create | Villager (Male) |
| 2:01 | Create | Villager (Male) |
| 2:19 | Create | Villager (Male) |
| 2:19 | Create | Villager (Male) |
| 3:03 | Create | Villager (Male) |
| 3:04 | Create | Villager (Male) |
| 3:04 | Create | Villager (Male) |
| 3:37 | Build | House |
| 3:45 | Create | Villager (Male) |
| 3:45 | Create | Villager (Male) |
| 4:01 | Build | Mill |
| 4:13 | Create | Villager (Male) |
| 4:13 | Create | Villager (Male) |
| 4:38 | Create | Villager (Male) |
| 4:38 | Create | Villager (Male) |
| 5:10 | Create | Villager (Male) |
| 5:10 | Create | Villager (Male) |
| 5:25 | Create | Villager (Male) |
| 5:43 | Build | House |
| 6:18 | Create | Villager (Male) |
| 6:49 | Create | Villager (Male) |
| 6:49 | Create | Villager (Male) |
| 7:42 | Create | Villager (Male) |
| 8:00 | Research | Feudal Age |
| 8:10 | Create | Villager (Male) |
| 8:32 | Build | House |
| 8:36 | Build | Mining Camp |
| 9:51 | Build | Farm |
| 9:52 | Build | Farm |
| 9:54 | Build | Farm |
| 9:58 | Build | Farm |
| 10:17 | Age | Feudal Age |
| 10:18 | Research | Double-Bit Axe |
| 10:30 | Build | Market |
| 10:38 | Create | Villager (Male) |
| 10:47 | Create | Villager (Male) |
| 11:15 | Build | Barracks |
| 11:21 | Build | Blacksmith |
| 11:25 | Create | Villager (Male) |
| 11:51 | Create | Villager (Male) |
| 12:18 | Research | Castle Age |
| 12:22 | Build | Barracks |
| 12:53 | Build | House |
| 13:02 | Create | Villager (Male) |
| 13:23 | Build | Stable |
| 13:42 | Build | Farm |
| 13:44 | Build | Farm |
| 13:47 | Build | Farm |
| 13:52 | Build | Farm |
| 14:12 | Build | Farm |
| 14:16 | Build | Farm |
| 14:52 | Research | Gold Mining |
| 15:02 | Age | Castle Age |
| 15:03 | Create | Knight |
| 15:03 | Create | Knight |
| 15:13 | Research | Bow Saw |
| 15:13 | Research | Bow Saw |
| 15:23 | Create | Villager (Male) |
| 15:25 | Create | Knight |
| 15:41 | Build | Monastery |
| 15:46 | Create | Villager (Male) |
| 15:55 | Create | Villager (Male) |
| 16:09 | Create | Knight |
| 16:09 | Create | Knight |
| 16:11 | Build | House |
| 16:29 | Create | Monk |
| 16:32 | Create | Villager (Male) |
| 16:42 | Create | Knight |
| 16:59 | Build | Town Center |
| 17:14 | Create | Villager (Male) |
| 17:14 | Create | Villager (Male) |
| 17:22 | Build | House |
| 17:23 | Build | House |
| 17:47 | Create | Villager (Male) |
| 17:50 | Create | Knight |
| 17:55 | Build | Farm |
| 18:08 | Create | Villager (Male) |
| 18:11 | Create | Villager (Male) |
| 18:11 | Create | Villager (Male) |
| 18:15 | Build | Farm |
| 18:18 | Build | Farm |
| 18:20 | Build | Farm |
| 18:23 | Build | Farm |
| 18:24 | Build | Farm |
| 18:49 | Create | Villager (Male) |
| 18:49 | Create | Villager (Male) |
| 18:55 | Build | House |
| 18:56 | Build | House |
| 19:00 | Build | Farm |
| 19:01 | Create | Villager (Male) |
| 19:01 | Create | Villager (Male) |
| 19:23 | Create | Villager (Male) |
| 19:29 | Create | Villager (Male) |
| 19:29 | Create | Villager (Male) |
| 19:57 | Create | Villager (Male) |
| 19:57 | Create | Villager (Male) |
| 20:00 | Create | Villager (Male) |
| 20:00 | Create | Villager (Male) |
| 20:08 | Build | Town Center |
| 20:19 | Create | Villager (Male) |
| 20:19 | Create | Villager (Male) |
| 20:26 | Build | Farm |
| 20:32 | Create | Villager (Male) |
| 20:33 | Create | Villager (Male) |
| 20:35 | Build | Farm |
| 20:37 | Build | Farm |
| 20:40 | Build | Farm |
| 21:12 | Create | Villager (Male) |
| 21:12 | Create | Villager (Male) |
| 21:14 | Create | Villager (Male) |
| 21:14 | Create | Villager (Male) |
| 21:14 | Create | Villager (Male) |
| 21:18 | Build | House |
| 21:19 | Build | House |
| 21:20 | Build | House |
| 21:21 | Build | House |
| 21:22 | Build | House |
| 21:35 | Create | Villager (Male) |
| 21:35 | Create | Villager (Male) |
| 21:39 | Build | Farm |
| 21:42 | Build | Farm |
| 21:43 | Build | Farm |
| 21:51 | Create | Villager (Male) ×5 |
| 21:55 | Build | Farm |
| 21:56 | Build | Farm |
| 21:56 | Build | Farm |
| 21:56 | Build | Farm |
| 21:56 | Build | Farm |
| 21:57 | Build | Farm |
| 21:57 | Build | Farm |
| 21:57 | Build | Farm |
| 22:00 | Create | Villager (Male) |
| 22:20 | Create | Villager (Male) ×4 |
| 22:27 | Build | Farm |
| 22:29 | Build | Farm |
| 22:42 | Create | Villager (Male) ×3 |
| 22:47 | Create | Villager (Male) |
| 23:22 | Build | Mining Camp |
| 23:25 | Research | Stone Mining |
| 23:42 | Research | Wheelbarrow |
| 23:42 | Research | Loom |
| 23:44 | Create | Villager (Male) ×5 |
| 23:53 | Build | Lumber Camp |
| 24:22 | Create | Villager (Male) ×5 |
Build order — King-WzRun
First 150 of 435 actions detected
| 0:01 | Create | Villager (Male) ×4 |
| 0:03 | Build | House |
| 0:04 | Build | House |
| 1:23 | Create | Villager (Male) |
| 1:53 | Build | Lumber Camp |
| 2:01 | Create | Villager (Male) |
| 2:15 | Create | Villager (Male) |
| 2:49 | Create | Villager (Male) |
| 3:15 | Create | Villager (Male) |
| 3:15 | Create | Villager (Male) |
| 3:26 | Build | House |
| 3:35 | Create | Villager (Male) |
| 3:57 | Create | Villager (Male) |
| 4:10 | Build | House |
| 4:32 | Build | House |
| 4:45 | Create | Villager (Male) |
| 4:54 | Create | Villager (Male) |
| 5:07 | Build | Mill |
| 5:12 | Create | Villager (Male) |
| 5:56 | Build | Farm |
| 6:06 | Create | Villager (Male) |
| 6:12 | Create | Villager (Male) |
| 6:12 | Create | Villager (Male) |
| 6:12 | Create | Villager (Male) |
| 7:35 | Create | Villager (Male) |
| 8:00 | Research | Feudal Age |
| 8:07 | Build | Mining Camp |
| 9:38 | Create | Villager (Male) |
| 9:38 | Create | Villager (Male) |
| 10:31 | Age | Feudal Age |
| 10:34 | Build | Market |
| 10:37 | Build | Blacksmith |
| 11:15 | Build | Lumber Camp |
| 11:24 | Research | Castle Age |
| 11:27 | Build | House |
| 11:28 | Build | House |
| 11:50 | Research | Horse Collar |
| 11:58 | Build | Farm |
| 12:02 | Build | Farm |
| 12:04 | Build | Farm |
| 12:50 | Research | Double-Bit Axe |
| 13:19 | Create | Villager (Male) |
| 13:19 | Create | Villager (Male) |
| 13:47 | Research | Loom |
| 13:49 | Research | Town Watch |
| 14:04 | Age | Castle Age |
| 14:13 | Build | Siege Workshop |
| 14:18 | Build | Monastery |
| 14:27 | Research | Bow Saw |
| 14:28 | Create | Villager (Male) |
| 14:49 | Build | Palisade Wall |
| 14:53 | Build | Palisade Wall |
| 14:54 | Build | Palisade Wall |
| 14:55 | Build | Palisade Wall |
| 14:57 | Build | Palisade Wall |
| 15:09 | Build | Palisade Wall |
| 15:14 | Create | Mangonel |
| 15:15 | Create | Villager (Male) |
| 15:26 | Create | Monk |
| 15:30 | Create | Villager (Male) |
| 15:36 | Build | Farm |
| 15:37 | Build | Farm |
| 15:39 | Build | Farm |
| 16:05 | Create | Villager (Male) |
| 16:15 | Create | Mangonel |
| 16:20 | Create | Monk |
| 16:37 | Create | Villager (Male) |
| 16:39 | Build | Farm |
| 16:55 | Research | Fervor |
| 16:59 | Build | Outpost |
| 17:07 | Create | Battering Ram |
| 17:11 | Build | Outpost |
| 17:25 | Create | Villager (Male) |
| 17:25 | Create | Villager (Male) |
| 17:25 | Create | Villager (Male) |
| 17:28 | Build | Farm |
| 17:37 | Build | Outpost |
| 18:08 | Build | Palisade Wall |
| 18:09 | Build | Palisade Wall |
| 18:16 | Build | Barracks |
| 18:17 | Create | Villager (Male) |
| 18:18 | Create | Villager (Male) |
| 18:21 | Build | Palisade Wall |
| 18:24 | Build | Palisade Wall |
| 18:42 | Build | Palisade Wall |
| 18:44 | Build | Palisade Wall |
| 18:46 | Build | Palisade Wall |
| 18:52 | Create | Scorpion |
| 19:19 | Create | Monk |
| 19:24 | Create | Villager (Male) |
| 19:35 | Create | Mangonel |
| 19:36 | Create | Villager (Male) |
| 19:37 | Create | Villager (Male) |
| 19:41 | Build | House |
| 19:46 | Research | Pikeman (upgrade) |
| 19:52 | Build | Farm |
| 19:54 | Build | Farm |
| 19:55 | Build | Farm |
| 19:58 | Build | Farm |
| 20:00 | Build | Farm |
| 20:03 | Build | House |
| 20:04 | Create | Spearman |
| 20:12 | Create | Monk |
| 20:15 | Build | Monastery |
| 20:21 | Build | House |
| 20:28 | Build | Farm |
| 20:29 | Build | Farm |
| 20:30 | Create | Spearman |
| 20:30 | Create | Spearman |
| 20:52 | Create | Villager (Male) |
| 21:00 | Create | Villager (Male) |
| 21:06 | Create | Monk |
| 21:10 | Create | Spearman |
| 21:36 | Create | Villager (Male) |
| 21:43 | Build | Town Center |
| 22:37 | Create | Villager (Male) |
| 22:38 | Create | Villager (Male) |
| 22:38 | Create | Villager (Male) |
| 22:39 | Create | Villager (Male) |
| 22:42 | Build | Mining Camp |
| 22:54 | Build | Outpost |
| 23:03 | Research | Redemption |
| 23:06 | Create | Villager (Male) |
| 23:06 | Create | Villager (Male) |
| 23:25 | Build | Outpost |
| 23:28 | Create | Villager (Male) |
| 23:28 | Create | Villager (Male) |
| 23:28 | Create | Villager (Male) |
| 23:30 | Build | Farm |
| 23:30 | Build | Farm |
| 23:38 | Create | Mangonel |
| 23:49 | Create | Villager (Male) |
| 23:50 | Build | House |
| 24:04 | Create | Spearman |
| 24:04 | Create | Spearman |
| 24:04 | Create | Spearman |
| 24:10 | Build | Farm |
| 24:10 | Build | Farm |
| 24:13 | Create | Villager (Male) |
| 24:17 | Build | Town Center |
| 24:20 | Create | Villager (Male) |
| 24:52 | Build | House |
| 24:54 | Build | House |
| 24:54 | Build | House |
| 25:06 | Create | Villager (Male) |
| 25:07 | Create | Villager (Male) |
| 25:07 | Create | Villager (Male) |
| 25:07 | Create | Villager (Male) |
| 25:10 | Create | Spearman |
| 25:10 | Create | Spearman |
Build order — 抖音_帝国时代2小Lin
First 150 of 530 actions detected
| 0:01 | Create | Villager (Male) ×5 |
| 0:01 | Create | Villager (Male) ×5 |
| 0:04 | Build | House |
| 0:05 | Build | House |
| 1:23 | Create | Villager (Male) |
| 1:23 | Create | Villager (Male) |
| 1:45 | Build | Lumber Camp |
| 2:02 | Create | Villager (Male) |
| 2:19 | Create | Villager (Male) |
| 2:55 | Create | Villager (Male) |
| 3:14 | Create | Villager (Male) |
| 3:16 | Build | House |
| 3:17 | Build | House |
| 3:46 | Build | Mill |
| 3:54 | Create | Villager (Male) |
| 3:59 | Build | House |
| 4:09 | Create | Villager (Male) |
| 4:10 | Create | Villager (Male) |
| 4:46 | Create | Villager (Male) |
| 4:46 | Create | Villager (Male) |
| 4:57 | Create | Villager (Male) |
| 5:18 | Build | Farm |
| 5:42 | Create | Villager (Male) |
| 5:56 | Create | Villager (Male) |
| 6:00 | Build | Farm |
| 6:06 | Build | Farm |
| 6:10 | Create | Villager (Male) |
| 6:29 | Create | Villager (Male) |
| 6:42 | Build | Farm |
| 7:27 | Create | Villager (Male) |
| 7:51 | Create | Villager (Male) |
| 8:28 | Create | Villager (Male) |
| 8:29 | Create | Villager (Male) |
| 8:30 | Create | Villager (Male) |
| 8:38 | Build | Mining Camp |
| 8:44 | Create | Villager (Male) |
| 9:29 | Build | Lumber Camp |
| 9:53 | Research | Feudal Age |
| 10:15 | Create | Villager (Male) |
| 10:15 | Create | Villager (Male) |
| 10:45 | Build | Barracks |
| 10:57 | Build | House |
| 12:07 | Age | Feudal Age |
| 12:08 | Build | Stable |
| 12:19 | Build | Blacksmith |
| 12:52 | Research | Double-Bit Axe |
| 12:53 | Research | Castle Age |
| 12:55 | Research | Horse Collar |
| 12:58 | Create | Scout Cavalry |
| 12:59 | Create | Scout Cavalry |
| 13:24 | Create | Scout Cavalry |
| 13:29 | Research | Scale Barding Armor |
| 13:37 | Build | Farm |
| 13:39 | Build | Farm |
| 13:42 | Build | Farm |
| 13:53 | Build | Farm |
| 13:55 | Build | Farm |
| 14:01 | Build | Farm |
| 14:10 | Build | Farm |
| 14:14 | Create | Scout Cavalry |
| 14:28 | Create | Scout Cavalry |
| 14:33 | Build | Farm |
| 14:35 | Build | Farm |
| 14:44 | Build | Farm |
| 14:50 | Build | Farm |
| 14:56 | Create | Villager (Male) |
| 15:10 | Build | House |
| 15:11 | Build | House |
| 15:11 | Build | House |
| 15:19 | Age | Castle Age |
| 15:23 | Research | Light Cavalry (upgrade) |
| 15:38 | Create | Villager (Male) |
| 15:39 | Build | Farm |
| 16:05 | Create | Villager (Male) |
| 17:01 | Create | Villager (Male) |
| 17:03 | Create | Villager (Male) |
| 17:03 | Create | Villager (Male) |
| 17:05 | Build | Town Center |
| 17:14 | Build | Town Center |
| 17:17 | Create | Villager (Male) |
| 18:02 | Research | Wheelbarrow |
| 18:05 | Create | Villager (Male) |
| 18:13 | Build | House |
| 18:13 | Build | House |
| 18:14 | Build | House |
| 18:15 | Build | House |
| 18:16 | Build | House |
| 18:18 | Build | House |
| 18:35 | Create | Camel Scout |
| 18:36 | Create | Camel Scout |
| 18:38 | Create | Villager (Male) |
| 18:38 | Create | Villager (Male) |
| 18:40 | Build | Farm |
| 18:41 | Build | Farm |
| 19:17 | Create | Villager (Male) |
| 19:22 | Build | Farm |
| 19:23 | Build | Farm |
| 19:24 | Build | Farm |
| 19:24 | Build | Farm |
| 19:25 | Build | Farm |
| 19:25 | Create | Villager (Male) |
| 19:27 | Build | Farm |
| 19:30 | Create | Villager (Male) |
| 19:33 | Research | Loom |
| 19:43 | Research | Gold Mining |
| 19:44 | Create | Villager (Male) |
| 19:47 | Create | Villager (Male) |
| 19:51 | Create | Camel Scout |
| 19:53 | Create | Villager (Male) |
| 20:27 | Create | Villager (Male) |
| 20:27 | Create | Villager (Male) |
| 20:28 | Create | Villager (Male) |
| 20:29 | Create | Villager (Male) |
| 20:29 | Create | Villager (Male) |
| 20:31 | Build | Farm |
| 20:31 | Build | Farm |
| 20:32 | Build | Farm |
| 21:05 | Create | Villager (Male) |
| 21:06 | Create | Villager (Male) |
| 21:08 | Create | Villager (Male) |
| 21:15 | Build | Mining Camp |
| 21:16 | Create | Villager (Male) |
| 21:18 | Create | Villager (Male) |
| 21:20 | Build | Farm |
| 21:21 | Create | Villager (Male) |
| 21:23 | Create | Villager (Male) |
| 21:31 | Build | Town Center |
| 21:34 | Create | Villager (Male) |
| 21:41 | Create | Villager (Male) |
| 21:43 | Build | Farm |
| 21:47 | Build | Farm |
| 21:48 | Build | Farm |
| 21:49 | Create | Villager (Male) |
| 21:56 | Build | Farm |
| 22:09 | Create | Villager (Male) |
| 22:11 | Create | Villager (Male) |
| 22:16 | Build | Farm |
| 22:17 | Create | Villager (Male) |
| 22:21 | Create | Villager (Male) |
| 22:24 | Build | House |
| 22:25 | Build | House |
| 22:26 | Build | House |
| 22:28 | Create | Villager (Male) |
| 22:43 | Create | Villager (Male) |
| 22:46 | Build | Farm |
| 22:47 | Build | Farm |
| 22:49 | Create | Villager (Male) |
| 22:54 | Create | Villager (Male) |
| 22:59 | Create | Villager (Male) |
| 23:01 | Create | Villager (Male) |
Build order — bbcc
First 150 of 710 actions detected
| 0:02 | Create | Villager (Male) ×4 |
| 0:03 | Build | House |
| 0:05 | Build | House |
| 1:26 | Create | Villager (Male) |
| 2:01 | Create | Villager (Male) |
| 2:16 | Build | Lumber Camp |
| 2:16 | Create | Villager (Male) |
| 2:36 | Create | Villager (Male) |
| 3:10 | Create | Villager (Male) |
| 3:10 | Create | Villager (Male) |
| 3:51 | Build | House |
| 3:52 | Build | House |
| 3:53 | Build | House |
| 4:04 | Create | Villager (Male) |
| 4:05 | Create | Villager (Male) |
| 4:08 | Create | Villager (Male) |
| 4:54 | Create | Villager (Male) |
| 5:00 | Create | Villager (Male) |
| 5:23 | Build | Mill |
| 5:39 | Create | Villager (Male) |
| 5:52 | Create | Villager (Male) |
| 6:01 | Create | Villager (Male) |
| 6:16 | Build | Farm |
| 6:30 | Build | Farm |
| 6:33 | Build | Farm |
| 6:41 | Create | Villager (Male) |
| 6:55 | Create | Villager (Male) |
| 7:27 | Create | Villager (Male) |
| 7:27 | Create | Villager (Male) |
| 8:27 | Build | Mining Camp |
| 8:34 | Research | Feudal Age |
| 9:52 | Create | Villager (Male) |
| 9:53 | Create | Villager (Male) |
| 10:29 | Build | House |
| 10:30 | Build | House |
| 10:32 | Build | House |
| 11:22 | Age | Feudal Age |
| 11:32 | Build | Market |
| 11:35 | Build | Blacksmith |
| 11:36 | Create | Villager (Male) |
| 12:27 | Research | Castle Age |
| 12:39 | Research | Double-Bit Axe |
| 12:42 | Build | Farm |
| 12:44 | Build | Farm |
| 13:12 | Research | Horse Collar |
| 13:29 | Create | Villager (Male) |
| 13:30 | Create | Villager (Male) |
| 13:37 | Build | House |
| 13:39 | Build | House |
| 13:40 | Build | House |
| 15:17 | Age | Castle Age |
| 15:18 | Build | Mill |
| 15:21 | Build | Barracks |
| 15:24 | Build | Town Center |
| 15:27 | Research | Bow Saw |
| 15:28 | Research | Heavy Plow |
| 15:30 | Create | Villager (Male) |
| 16:15 | Build | Stable |
| 16:18 | Create | Villager (Male) |
| 16:45 | Create | Villager (Male) |
| 16:51 | Build | Farm |
| 16:57 | Research | Light Cavalry (upgrade) |
| 17:00 | Create | Scout Cavalry |
| 17:06 | Build | Stable |
| 17:12 | Build | House |
| 17:13 | Build | House |
| 17:17 | Create | Scout Cavalry |
| 17:23 | Build | Farm |
| 17:23 | Build | Farm |
| 17:25 | Create | Villager (Male) |
| 17:30 | Create | Scout Cavalry |
| 17:31 | Create | Scout Cavalry |
| 17:41 | Build | Farm |
| 17:43 | Build | Farm |
| 17:44 | Create | Villager (Male) |
| 17:56 | Create | Scout Cavalry |
| 18:07 | Create | Villager (Male) |
| 18:09 | Build | Farm |
| 18:23 | Create | Villager (Male) |
| 18:41 | Create | Scout Cavalry |
| 18:42 | Create | Scout Cavalry |
| 18:45 | Create | Villager (Male) |
| 18:45 | Create | Villager (Male) |
| 19:10 | Create | Scout Cavalry |
| 19:19 | Create | Villager (Male) |
| 19:20 | Create | Villager (Male) |
| 19:22 | Build | Farm |
| 19:22 | Build | Farm |
| 19:22 | Build | Farm |
| 19:23 | Build | Farm |
| 19:23 | Build | Farm |
| 19:31 | Build | Farm |
| 19:31 | Build | Farm |
| 19:31 | Build | Farm |
| 19:42 | Create | Scout Cavalry |
| 19:43 | Create | Scout Cavalry |
| 19:47 | Build | Farm |
| 19:57 | Create | Villager (Male) |
| 20:13 | Build | Siege Workshop |
| 20:14 | Create | Villager (Male) |
| 20:18 | Create | Villager (Male) |
| 20:18 | Create | Villager (Male) |
| 20:22 | Create | Villager (Male) |
| 20:30 | Create | Villager (Male) |
| 20:40 | Create | Villager (Male) |
| 20:46 | Build | Mining Camp |
| 21:06 | Research | Wheelbarrow |
| 21:14 | Create | Villager (Male) |
| 21:21 | Create | Villager (Male) |
| 21:25 | Build | Barracks |
| 21:41 | Build | Farm |
| 21:41 | Build | Farm |
| 21:42 | Create | Villager (Male) |
| 21:46 | Create | Villager (Male) |
| 21:57 | Build | Barracks |
| 22:10 | Create | Villager (Male) |
| 22:10 | Create | Villager (Male) |
| 22:14 | Create | Villager (Male) |
| 22:16 | Build | Mining Camp |
| 22:38 | Build | House |
| 22:41 | Create | Scorpion |
| 22:41 | Create | Scorpion |
| 22:58 | Create | Villager (Male) |
| 22:58 | Create | Villager (Male) |
| 23:05 | Create | Villager (Male) |
| 23:22 | Create | Villager (Male) |
| 23:22 | Create | Villager (Male) |
| 23:25 | Research | Hand Cart |
| 23:35 | Create | Mangonel |
| 23:40 | Create | Villager (Male) |
| 23:53 | Research | Loom |
| 23:54 | Create | Villager (Male) |
| 24:04 | Research | Man-at-Arms (upgrade) |
| 24:08 | Build | Farm |
| 24:09 | Build | Farm |
| 24:09 | Create | Villager (Male) |
| 24:23 | Create | Villager (Male) |
| 24:23 | Create | Villager (Male) |
| 24:32 | Create | Scorpion |
| 24:37 | Create | Militia |
| 24:51 | Research | Long Swordsman (upgrade) |
| 24:52 | Create | Militia |
| 24:52 | Create | Militia |
| 24:52 | Create | Militia |
| 24:58 | Create | Militia |
| 25:09 | Build | House |
| 25:10 | Build | House |
| 25:10 | Build | House |
| 25:10 | Build | House |
| 25:33 | Create | Spearman |
Build order — AI (DE Version)
First 150 of 315 actions detected
| 0:00 | Create | Villager (Male) |
| 0:00 | Create | Villager (Male) |
| 0:02 | Build | House |
| 0:03 | Build | House |
| 0:09 | Create | Villager (Male) |
| 0:09 | Create | Villager (Male) |
| 1:24 | Build | House |
| 1:28 | Create | Villager (Male) |
| 2:00 | Create | Villager (Male) |
| 2:15 | Build | House |
| 2:17 | Create | Villager (Male) |
| 2:45 | Build | House |
| 2:53 | Create | Villager (Male) |
| 2:53 | Create | Villager (Male) |
| 3:20 | Create | Villager (Male) |
| 3:59 | Build | Lumber Camp |
| 4:25 | Create | Villager (Male) |
| 4:25 | Create | Villager (Male) |
| 4:42 | Create | Villager (Male) |
| 4:42 | Create | Villager (Male) |
| 5:23 | Build | Mill |
| 5:29 | Create | Villager (Male) |
| 5:39 | Create | Villager (Male) |
| 5:39 | Create | Villager (Male) |
| 5:49 | Create | Villager (Male) |
| 6:08 | Create | Villager (Male) |
| 6:11 | Create | Villager (Male) |
| 6:11 | Create | Villager (Male) |
| 6:55 | Create | Villager (Male) |
| 6:59 | Build | Mining Camp |
| 7:03 | Create | Villager (Male) |
| 7:42 | Create | Villager (Male) |
| 7:43 | Create | Villager (Male) |
| 8:53 | Research | Feudal Age |
| 9:12 | Build | Palisade Wall |
| 9:30 | Build | Palisade Wall |
| 9:45 | Build | House |
| 9:50 | Build | Palisade Wall |
| 9:56 | Create | Villager (Male) |
| 10:03 | Create | Villager (Male) |
| 10:22 | Build | Palisade Wall |
| 10:38 | Build | Palisade Wall |
| 10:38 | Build | Palisade Wall |
| 10:39 | Build | Palisade Wall |
| 11:02 | Build | Mining Camp |
| 11:03 | Age | Feudal Age |
| 11:07 | Create | Villager (Male) |
| 11:21 | Build | Market |
| 11:27 | Build | Lumber Camp |
| 11:33 | Build | Stone Wall |
| 11:40 | Build | Stone Wall |
| 12:02 | Research | Loom |
| 12:20 | Create | Villager (Male) |
| 12:35 | Create | Villager (Male) |
| 12:38 | Create | Villager (Male) |
| 12:43 | Build | Farm |
| 13:15 | Create | Villager (Male) |
| 13:30 | Build | Farm |
| 13:30 | Build | Farm |
| 13:54 | Build | Farm |
| 13:59 | Build | Farm |
| 14:31 | Create | Villager (Male) |
| 14:55 | Create | Villager (Male) |
| 14:59 | Build | Farm |
| 15:14 | Build | Farm |
| 15:41 | Build | Farm |
| 16:18 | Build | Palisade Wall |
| 16:19 | Build | Gate |
| 16:25 | Build | Gate |
| 16:44 | Build | Blacksmith |
| 17:10 | Build | Stone Wall |
| 17:54 | Research | Castle Age |
| 17:54 | Research | Castle Age |
| 19:04 | Create | Villager (Male) |
| 20:34 | Age | Castle Age |
| 20:39 | Build | Castle |
| 20:46 | Build | Castle |
| 20:56 | Create | Villager (Male) |
| 21:42 | Build | Town Center |
| 21:47 | Create | Villager (Male) |
| 22:33 | Create | Villager (Male) ×2 |
| 22:42 | Build | Farm |
| 22:55 | Create | Villager (Male) |
| 23:03 | Build | Stone Wall |
| 23:13 | Build | Palisade Wall |
| 23:13 | Create | Villager (Male) |
| 23:20 | Create | Villager (Male) |
| 23:26 | Build | Farm |
| 23:26 | Build | Farm |
| 23:27 | Build | Farm |
| 23:31 | Build | Farm |
| 23:33 | Create | Villager (Male) ×2 |
| 23:39 | Create | Villager (Male) |
| 23:46 | Build | Siege Workshop |
| 24:06 | Create | Villager (Male) |
| 24:15 | Build | Farm |
| 24:16 | Build | Farm |
| 24:17 | Create | Villager (Male) |
| 24:35 | Build | Farm |
| 24:36 | Create | Villager (Male) |
| 24:38 | Create | Battering Ram |
| 24:46 | Build | Farm |
| 24:47 | Create | Villager (Male) |
| 24:47 | Create | Villager (Male) |
| 24:53 | Create | Villager (Male) |
| 25:16 | Create | Villager (Male) |
| 25:22 | Create | Villager (Male) |
| 25:22 | Create | Villager (Male) |
| 25:24 | Build | Farm |
| 25:25 | Create | Villager (Male) |
| 25:25 | Create | Villager (Male) |
| 25:44 | Create | Villager (Male) |
| 25:48 | Create | Villager (Male) |
| 26:01 | Create | Villager (Male) |
| 26:11 | Create | Villager (Male) |
| 26:11 | Create | Villager (Male) |
| 26:19 | Create | Villager (Male) |
| 26:25 | Create | Villager (Male) |
| 26:33 | Research | Double-Bit Axe |
| 26:34 | Research | Horse Collar |
| 26:47 | Build | Lumber Camp |
| 26:48 | Create | Villager (Male) ×2 |
| 26:50 | Build | Farm |
| 26:54 | Create | Villager (Male) |
| 27:12 | Research | Bow Saw |
| 27:13 | Create | Villager (Male) |
| 27:21 | Create | Villager (Male) |
| 27:26 | Create | Villager (Male) |
| 27:38 | Build | Farm |
| 27:39 | Create | Villager (Male) |
| 27:56 | Build | Lumber Camp |
| 28:06 | Build | Farm |
| 28:07 | Create | Villager (Male) |
| 28:11 | Create | Villager (Male) ×2 |
| 28:22 | Build | House |
| 28:26 | Create | Villager (Male) |
| 28:48 | Build | Farm |
| 28:49 | Create | Villager (Male) |
| 28:52 | Build | House |
| 28:52 | Build | House |
| 28:53 | Create | Villager (Male) |
| 29:00 | Create | Villager (Male) |
| 29:07 | Research | Gold Mining |
| 29:08 | Create | Villager (Male) |
| 29:30 | Create | Villager (Male) |
| 29:43 | Build | Lumber Camp |
| 29:52 | Create | Villager (Male) |
| 29:53 | Create | Villager (Male) ×3 |
| 29:54 | Create | Villager (Male) ×3 |
| 29:55 | Build | House |
Match timeline
| 8:30 | 夏天九号炸鱼号 · age_up feudal |
| 9:12 | AI (DE Version) · wall_segment Palisade Wall x7 |
| 9:30 | AI (DE Version) · wall_segment Palisade Wall x2 |
| 9:50 | AI (DE Version) · wall_segment Palisade Wall x4 |
| 10:17 | ALTAR_KHAN · age_up feudal |
| 10:22 | AI (DE Version) · wall_segment Palisade Wall x5 |
| 10:31 | King-WzRun · age_up feudal |
| 10:38 | AI (DE Version) · wall_segment Palisade Wall x1 |
| 10:38 | AI (DE Version) · wall_segment Palisade Wall x1 |
| 10:39 | AI (DE Version) · wall_segment Palisade Wall x1 |
| 10:45 | 抖音_帝国时代2小Lin · first_building Barracks |
| 10:56 | 米兰的小歌迷 · age_up feudal |
| 11:03 | AI (DE Version) · age_up feudal |
| 11:10 | Vivian · age_up feudal |
| 11:15 | ALTAR_KHAN · first_building Barracks |
| 11:22 | bbcc · age_up feudal |
| 11:33 | AI (DE Version) · wall_segment Stone Wall x1 |
| 11:40 | AI (DE Version) · wall_segment Stone Wall x5 |
| 12:07 | 抖音_帝国时代2小Lin · age_up feudal |
| 12:08 | 抖音_帝国时代2小Lin · first_building Stable |
| 13:23 | ALTAR_KHAN · first_building Stable |
| 13:25 | bbcc · first_market_buy 100 food |
| 13:49 | AI (DE Version) · first_market_buy 100 food |
| 14:04 | King-WzRun · age_up castle |
| 14:13 | King-WzRun · first_building Siege Workshop |
| 14:18 | King-WzRun · first_building Monastery |
| 14:26 | 米兰的小歌迷 · age_up castle |
| 14:40 | AI (DE Version) · first_market_sell 100 stone |
| 14:47 | Vivian · age_up castle |
| 14:49 | King-WzRun · wall_segment Palisade Wall x1 |
| 14:53 | King-WzRun · wall_segment Palisade Wall x1 |
| 14:54 | King-WzRun · wall_segment Palisade Wall x1 |
| 14:55 | King-WzRun · wall_segment Palisade Wall x1 |
| 14:57 | King-WzRun · wall_segment Palisade Wall x1 |
| 15:02 | ALTAR_KHAN · age_up castle |
| 15:09 | King-WzRun · wall_segment Palisade Wall x1 |
| 15:17 | bbcc · age_up castle |
| 15:19 | 抖音_帝国时代2小Lin · age_up castle |
| 15:21 | bbcc · first_building Barracks |
| 15:29 | 米兰的小歌迷 · first_building Monastery |
| 15:41 | ALTAR_KHAN · first_building Monastery |
| 16:15 | bbcc · first_building Stable |
| 16:18 | AI (DE Version) · wall_segment Palisade Wall x1 |
| 17:10 | AI (DE Version) · wall_segment Stone Wall x1 |
| 17:28 | Vivian · first_market_buy 100 food |
| 17:32 | 夏天九号炸鱼号 · wall_segment Palisade Wall x1 |
| 17:37 | 夏天九号炸鱼号 · wall_segment Palisade Wall x1 |
| 18:08 | King-WzRun · wall_segment Palisade Wall x1 |
| 18:09 | King-WzRun · wall_segment Palisade Wall x1 |
| 18:16 | King-WzRun · first_building Barracks |
| 18:21 | King-WzRun · wall_segment Palisade Wall x1 |
| 18:24 | King-WzRun · wall_segment Palisade Wall x1 |
| 18:42 | King-WzRun · wall_segment Palisade Wall x1 |
| 18:44 | King-WzRun · wall_segment Palisade Wall x1 |
| 18:46 | King-WzRun · wall_segment Palisade Wall x1 |
| 19:20 | 夏天九号炸鱼号 · wall_segment Palisade Wall x1 |
| 20:13 | bbcc · first_building Siege Workshop |
| 20:34 | AI (DE Version) · age_up castle |
| 20:34 | 夏天九号炸鱼号 · wall_segment Palisade Wall x1 |
| 20:35 | 夏天九号炸鱼号 · wall_segment Palisade Wall x1 |
| 20:36 | 夏天九号炸鱼号 · wall_segment Palisade Wall x1 |
| 20:39 | AI (DE Version) · first_building Castle |
| 20:50 | 夏天九号炸鱼号 · age_up castle |
| 20:58 | Vivian · first_building Monastery |
| 21:52 | 夏天九号炸鱼号 · first_building Monastery |
| 22:54 | Vivian · first_market_sell 100 wood |
| 23:01 | King-WzRun · first_market_sell 100 wood |
| 23:03 | AI (DE Version) · wall_segment Stone Wall x7 |
| 23:13 | AI (DE Version) · wall_segment Palisade Wall x5 |
| 23:30 | bbcc · first_market_sell 100 wood |
| 23:32 | 抖音_帝国时代2小Lin · first_building Siege Workshop |
| 23:35 | Vivian · first_building Barracks |
| 23:37 | 米兰的小歌迷 · first_market_sell 100 wood |
| 23:46 | AI (DE Version) · first_building Siege Workshop |
| 25:11 | Vivian · first_building Siege Workshop |
| 25:15 | 米兰的小歌迷 · first_building Barracks |
| 25:44 | 米兰的小歌迷 · first_building Stable |
| 26:10 | 米兰的小歌迷 · first_building Castle |
| 26:17 | Vivian · age_up imperial |
| 26:26 | 夏天九号炸鱼号 · first_building Castle |
| 26:44 | ALTAR_KHAN · first_market_buy 100 stone |
| 26:55 | ALTAR_KHAN · first_building Castle |
| 27:02 | 米兰的小歌迷 · age_up imperial |
| 27:39 | 米兰的小歌迷 · first_building Archery Range |
| 27:45 | 夏天九号炸鱼号 · first_building Siege Workshop |
| 28:01 | 夏天九号炸鱼号 · first_market_sell 100 wood |
| 28:35 | 抖音_帝国时代2小Lin · tribute_sent a jugador 1 |
| 28:35 | 抖音_帝国时代2小Lin · tribute_sent a jugador 2 |
| 28:35 | 抖音_帝国时代2小Lin · tribute_sent a jugador 3 |
| 28:35 | 抖音_帝国时代2小Lin · tribute_sent a jugador 4 |
| 28:35 | 抖音_帝国时代2小Lin · tribute_sent a jugador 5 |
| 28:35 | 抖音_帝国时代2小Lin · tribute_sent a jugador 7 |
| 28:35 | 抖音_帝国时代2小Lin · tribute_sent a jugador 8 |
| 28:47 | 抖音_帝国时代2小Lin · age_up imperial |
| 28:48 | ALTAR_KHAN · age_up imperial |
| 29:06 | King-WzRun · first_market_buy 100 stone |
| 29:07 | ALTAR_KHAN · first_market_sell 100 wood |
| 29:10 | King-WzRun · first_building Castle |
| 29:15 | 米兰的小歌迷 · wall_segment Stone Wall x2 |
| 29:47 | 米兰的小歌迷 · wall_segment Stone Wall x1 |
| 29:55 | 米兰的小歌迷 · wall_segment Stone Wall x2 |
| 30:03 | 米兰的小歌迷 · wall_segment Stone Wall x1 |
| 30:38 | AI (DE Version) · first_building Barracks |
| 31:03 | AI (DE Version) · wall_segment Stone Wall x1 |
| 31:12 | AI (DE Version) · wall_segment Stone Wall x23 |
| 31:25 | AI (DE Version) · wall_segment Palisade Wall x1 |
| 31:30 | AI (DE Version) · wall_segment Palisade Wall x1 |
| 31:33 | 夏天九号炸鱼号 · age_up imperial |
| 31:42 | AI (DE Version) · first_building Archery Range |
| 33:28 | 抖音_帝国时代2小Lin · first_market_sell 500 wood |
| 33:51 | 米兰的小歌迷 · first_market_buy 100 food |
| 33:55 | bbcc · first_building Castle |
| 34:08 | Vivian · first_building Stable |
| 34:11 | 抖音_帝国时代2小Lin · first_building Archery Range |
| 34:28 | bbcc · wall_segment Stone Wall x1 |
| 34:35 | 夏天九号炸鱼号 · first_building Barracks |
| 34:43 | 夏天九号炸鱼号 · first_market_buy 100 wood |
| 34:47 | 抖音_帝国时代2小Lin · first_building Castle |
| 35:47 | 米兰的小歌迷 · wall_segment Stone Wall x7 |
| 35:51 | ALTAR_KHAN · wall_segment Stone Wall x12 |
| 36:02 | 夏天九号炸鱼号 · first_building Archery Range |
| 36:22 | 米兰的小歌迷 · first_building Siege Workshop |
| 38:01 | King-WzRun · first_building Stable |
| 38:32 | bbcc · age_up imperial |
| 39:43 | King-WzRun · age_up imperial |
| 41:08 | AI (DE Version) · wall_segment Stone Wall x19 |
| 42:32 | King-WzRun · wall_segment Stone Wall x1 |
| 44:21 | King-WzRun · wall_segment Stone Wall x18 |
| 44:45 | 米兰的小歌迷 · tribute_sent a jugador 1 |
| 44:45 | 米兰的小歌迷 · tribute_sent a jugador 2 |
| 44:45 | 米兰的小歌迷 · tribute_sent a jugador 3 |
| 44:45 | 米兰的小歌迷 · tribute_sent a jugador 4 |
| 44:45 | 米兰的小歌迷 · tribute_sent a jugador 6 |
| 44:45 | 米兰的小歌迷 · tribute_sent a jugador 7 |
| 44:45 | 米兰的小歌迷 · tribute_sent a jugador 8 |
| 44:53 | King-WzRun · wall_segment Stone Wall x1 |
| 45:35 | 抖音_帝国时代2小Lin · tribute_sent a jugador 1 |
| 45:35 | 抖音_帝国时代2小Lin · tribute_sent a jugador 2 |
| 45:35 | 抖音_帝国时代2小Lin · tribute_sent a jugador 3 |
| 45:35 | 抖音_帝国时代2小Lin · tribute_sent a jugador 4 |
| 45:35 | 抖音_帝国时代2小Lin · tribute_sent a jugador 5 |
| 45:35 | 抖音_帝国时代2小Lin · tribute_sent a jugador 7 |
| 45:35 | 抖音_帝国时代2小Lin · tribute_sent a jugador 8 |
| 46:59 | King-WzRun · wall_segment Stone Wall x11 |
| 47:03 | 抖音_帝国时代2小Lin · tribute_sent a jugador 1 |
| 47:03 | 抖音_帝国时代2小Lin · tribute_sent a jugador 2 |
| 47:03 | 抖音_帝国时代2小Lin · tribute_sent a jugador 3 |
| 47:03 | 抖音_帝国时代2小Lin · tribute_sent a jugador 4 |
| 47:03 | 抖音_帝国时代2小Lin · tribute_sent a jugador 5 |
| 47:03 | 抖音_帝国时代2小Lin · tribute_sent a jugador 7 |
| 47:03 | 抖音_帝国时代2小Lin · tribute_sent a jugador 8 |
| 47:39 | 抖音_帝国时代2小Lin · tribute_sent a jugador 1 |
| 47:39 | 抖音_帝国时代2小Lin · tribute_sent a jugador 2 |
| 47:39 | 抖音_帝国时代2小Lin · tribute_sent a jugador 3 |
| 47:39 | 抖音_帝国时代2小Lin · tribute_sent a jugador 4 |
| 47:39 | 抖音_帝国时代2小Lin · tribute_sent a jugador 5 |
| 47:39 | 抖音_帝国时代2小Lin · tribute_sent a jugador 7 |
| 47:39 | 抖音_帝国时代2小Lin · tribute_sent a jugador 8 |
| 48:28 | AI (DE Version) · age_up imperial |
| 51:22 | 抖音_帝国时代2小Lin · tribute_sent a jugador 1 |
| 51:22 | 抖音_帝国时代2小Lin · tribute_sent a jugador 2 |
| 51:22 | 抖音_帝国时代2小Lin · tribute_sent a jugador 3 |
| 51:22 | 抖音_帝国时代2小Lin · tribute_sent a jugador 4 |
| 51:22 | 抖音_帝国时代2小Lin · tribute_sent a jugador 5 |
| 51:22 | 抖音_帝国时代2小Lin · tribute_sent a jugador 7 |
| 51:22 | 抖音_帝国时代2小Lin · tribute_sent a jugador 8 |
| 51:29 | 抖音_帝国时代2小Lin · tribute_sent a jugador 1 |
| 51:29 | 抖音_帝国时代2小Lin · tribute_sent a jugador 2 |
| 51:29 | 抖音_帝国时代2小Lin · tribute_sent a jugador 3 |
| 51:29 | 抖音_帝国时代2小Lin · tribute_sent a jugador 4 |
| 51:29 | 抖音_帝国时代2小Lin · tribute_sent a jugador 5 |
| 51:29 | 抖音_帝国时代2小Lin · tribute_sent a jugador 7 |
| 51:29 | 抖音_帝国时代2小Lin · tribute_sent a jugador 8 |
| 51:32 | ALTAR_KHAN · resign |
[ AI ANALYSIS · 1 CREDIT ]
What really happened in this match?
Wolo.gg analyzes every decision: build order, eco, micro, common mistakes by bracket. Personalized analysis on WhatsApp or Discord in 30 seconds.
Civ guide
Burgundians
Perfil
Jugador #11463550